 Dungeon Crawl Stone Soup version 0.20.1-1-g8b1a95d (webtiles) character file.

312 Vorshek the Ruffian (level 6, -6/51 HPs)
             Began as a Ghoul Warper on Sept 13, 2017.
             Was an Initiate of Nemelex Xobeh.
             Mangled by a gnoll
             ... wielding a +0 halberd
              (12 damage)
             ... in the Ecumenical Temple.
             The game lasted 00:24:58 (2884 turns).

Vorshek the Ruffian (Ghoul Warper)                  Turns: 2884, Time: 00:24:59

Health: -6/51      AC:  6    Str: 15    XL:     6   Next: 42%
Magic:  8/8        EV: 12    Int:  9    God:    Nemelex Xobeh [......]
Gold:   251        SH:  0    Dex:  9    Spells: 7/9 levels left

rFire    . . .     SeeInvis .     - Unarmed
rCold    + . .     Gourm    .   (no shield)
rNeg     + + +     Faith    .   a - +2 leather armour
rPois    ∞         Spirit   .   m - +0 helmet
rElec    .         Reflect  .   (no cloak)
rCorr    .         Harm     .   (no gloves)
MR       +....                  (no boots)
Stlth    ++........             (no amulet)
Regen    0.0/turn               i - ring of protection from magic
MPRegen  0.2/turn               (no ring)

@: rotting
A: rotting body, claws 1, carnivore 3, cold resistance 1, negative energy
resistance 3, inhibited regeneration, torment resistance, unbreathing
a: Renounce Religion


You were in the Ecumenical Temple.
You worshipped Nemelex Xobeh.
Nemelex Xobeh was noncommittal.
You were not hungry.

You visited 2 branches of the dungeon, and saw 5 of its levels.

You collected 251 gold pieces.

Inventory:

Hand Weapons
 k - a +1 dagger of venom
Missiles
 d - 5 tomahawks of dispersal (quivered)
Armour
 a - a +2 leather armour (worn)
 m - a +0 helmet (worn)
Jewellery
 e - a cursed -2 ring of protection {unknown}
 i - a ring of protection from magic (left claw)
 q - an uncursed ring of see invisible {unknown}
Scrolls
 c - a scroll of blinking
 g - 2 scrolls of remove curse
 j - 3 scrolls of recharging
 r - a scroll of identify
Potions
 l - a potion of resistance
 n - a potion of haste
 o - 2 potions of flight
 s - a potion of curing {unknown}
Books
 b - a book of Spatial Translocations

   Spells                             Type                      Level
   a - Blink                          Translocation                2
   b - Shroud of Golubria             Charms/Translocation         2
   c - Lesser Beckoning               Translocation                3
   d - Gell's Gravitas                Translocation                3
   e - Teleport Other                 Translocation                3
   f - Passage of Golubria            Translocation                4
Miscellaneous
 p - a plain deck of summoning {drawn: 4}
Comestibles
 f - 3 meat rations
 h - 3 chunks of flesh


   Skills:
 - Level 3.2 Fighting
 - Level 1.1 Throwing
 + Level 2.0 Armour
 + Level 2.5 Dodging
 + Level 2.6 Stealth
 * Level 3.9 Unarmed Combat
 + Level 2.3 Spellcasting
 * Level 3.1 Translocations
 + Level 0.9 Invocations


You had 7 spell levels left.
You knew the following spells:

 Your Spells              Type           Power        Failure   Level  Hunger
a - Blink                 Tloc           N/A          16%         2    ###....


Dungeon Overview and Level Annotations

Branches:
Dungeon (4/15)             Temple (1/1) D:4

Altars:
Fedhas
Nemelex Xobeh
Qazlal
Ru
Trog
Xom

Annotations:
D:4 Biabri's ghost, amateur DEEE


Innate Abilities, Weirdness & Mutations

Your body is rotting away.
You thrive on raw meat.
You are immune to poison.
You have sharp fingernails.
You are carnivorous and can eat meat at any time.
Your flesh is cold resistant. (rC+)
You are immune to negative energy. (rN+++)
You do not regenerate when monsters are visible.
You are immune to unholy pain and torment.
You can survive without breathing.


Message History

The hound skeleton bites you but does no damage.
The orc priest mumbles some strange prayers to Beogh against you.
Beogh smites you! The gnoll misses you. The gnoll hits you with a halberd!
* * * LOW HITPOINT WARNING * * *
The hound skeleton bites you but does no damage.
There is a staircase to the Ecumenical Temple here.
The hound skeleton closely misses you. The gnoll hits you.
* * * LOW HITPOINT WARNING * * *
You climb downwards.
Welcome back to the Ecumenical Temple!
There is a staircase back to the Dungeon here.
Eat one of 5 chunks of flesh? (ye/n/q)
You eat one of the 5 chunks of flesh.
This raw flesh tastes great!
The gnoll hits you with a halberd!
* * * LOW HITPOINT WARNING * * *
The gnoll completely misses you.
Eat one of 4 chunks of flesh? (ye/n/q)
You eat one of the 4 chunks of flesh.
This raw flesh tastes great!
The gnoll hits you with a halberd!
You die...
Your body disappears without a glow.

##.....##
#..._...#
#.......#
##.....## ###.###
.#######.#######.
.................
.......gg[.......
........@........
.................
.......))........
.#######[#######.
###.### ##.....##
#.......#
#..._...#
##..)..##


You could see 2 gnolls.

Vanquished Creatures
  An ogre (Temple)
  Robin (D:3)
  6 gnolls
  An adder (D:2)
  3 oozes
  4 leopard geckos
  9 orcs
  7 bats
  4 giant cockroaches
  19 goblins
  11 hobgoblins
  7 jackals (D:3)
  8 kobolds
  A quokka (D:3)
  A ball python (D:3)
  5 frilled lizards
  12 rats
100 creatures vanquished.

Vanquished Creatures (collateral kills)
  An orc warrior (Temple)
  An adder (D:3)
  2 orcs (Temple)
  A hobgoblin (D:3)
  A jackal (D:3)
6 creatures vanquished.

Grand Total: 106 creatures vanquished

Notes
Turn   | Place    | Note
-------+----------+-------------------------------------------
     0 | D:1      | Vorshek the Ghoul Warper began the quest for the Orb.
     0 | D:1      | Reached XP level 1. HP: 17/17 MP: 2/2
    61 | D:1      | Reached skill level 1 in Armour
    74 | D:1      | Reached skill level 1 in Throwing
    74 | D:1      | Reached XP level 2. HP: 24/24 MP: 3/3
   614 | D:2      | Found a stormy altar of Qazlal.
   631 | D:2      | Reached XP level 3. HP: 29/30 MP: 5/5
   880 | D:2      | Reached skill level 1 in Stealth
   920 | D:2      | Reached XP level 4. HP: 18/37 MP: 6/6
   931 | D:2      | Learned a level 2 spell: Blink
  1572 | D:3      | Found a shimmering altar of Xom.
  1663 | D:3      | Noticed Robin
  1675 | D:3      | Reached XP level 5. HP: 26/44 MP: 7/7
  1752 | D:3      | Killed Robin
  1950 | D:3      | Found a sparkling altar of Nemelex Xobeh.
  1962 | D:3      | Became a worshipper of Nemelex Xobeh the Trickster
  2028 | D:3      | Received a gift from Nemelex Xobeh
  2042 | D:3      | Found a sacrificial altar of Ru.
  2740 | D:4      | Found a blossoming altar of Fedhas.
  2741 | D:4      | Noticed a centaur
  2743 | D:4      | Noticed Biabri's ghost (amateur DEEE)
  2749 | D:4      | Noticed an orc warrior
  2751 | D:4      | Found a staircase to the Ecumenical Temple.
  2757 | D:4      | Noticed an ogre
  2762 | Temple   | Entered the Ecumenical Temple
  2775 | Temple   | Killed an ogre
  2775 | Temple   | Reached XP level 6. HP: 48/51 MP: 8/8
  2809 | Temple   | Killed an orc warrior
  2884 | Temple   | Mangled by a gnoll

Skill      XL: |  1  2  3  4  5  6 |
---------------+-------------------+-----
Armour         | 1 2 |  2.0
Throwing       | 1 |  1.1
Spellcasting   | 2 |  2.3
Dodging        | 2 |  2.5
Stealth        | 1 2 |  2.6
Unarmed Combat | 3 |  3.9
Fighting       | 3 |  3.2
Translocations | 3 |  3.1
Invocations    | |  0.9

Action                   |  1- 3 |  4- 6 || total
-------------------------+-------+-------++-------
Melee: Unarmed           |    91 |   258 ||   349
 Cast: Blink             |       |     3 ||     3
Evoke: Deck              |       |     4 ||     4
  Use: Scroll            |       |    11 ||    11
       Potion            |       |     1 ||     1
 Stab: Sleeping          |       |     5 ||     5
  Eat: Chunk             |     5 |    38 ||    43
       Royal jelly       |       |     1 ||     1
Armor: Leather armour    |    24 |    80 ||   104
Dodge: Dodged            |    52 |   171 ||   223
